 Dungeon Crawl Stone Soup version 0.22-a0-982-gdd22fea (webtiles) character file.

248 araganzar the Basher (level 5, 47/47 HPs)
             Began as a Minotaur Archaeologist on Feb 24, 2020.
             Quit the game on level 3 of the Dungeon.
             The game lasted 00:03:47 (2301 turns).

araganzar the Basher (Minotaur Archaeologist)       Turns: 2301, Time: 00:03:48

Health: 47/47      AC:  7    Str: 18    XL:     5   Next: 86%
Magic:  4/4        EV: 10    Int:  9    God:
Gold:   143        SH:  0    Dex:  9    Spells: 4/4 levels left

rFire    . . .     SeeInvis .   a - +0 whip
rCold    . . .     Gourm    .   (no shield)
rNeg     . . .     Faith    .   h - +0 scale mail {rPois}
rPois    +         Spirit   .   c - +1 hat
rElec    .         Reflect  .   (no cloak)
rCorr    .         Harm     .   (no gloves)
MR       .....                  (no boots)
Stlth    ..........             (no amulet)
HPRegen  0.15/turn              (no ring)
MPRegen  0.09/turn              (no ring)

@: no status effects
A: retaliatory headbutt, horns 2
a: no special abilities


You were on level 3 of the Dungeon.
You were not hungry.
You have taken the pledge of the Ascetic.
You visited 1 branch of the dungeon, and saw 3 of its levels.

You collected 143 gold pieces.


Innate Abilities, Weirdness & Mutations

You reflexively headbutt those who attack you in melee.
You have a pair of horns on your head.


   Skills:
 - Level 4.5 Fighting
 - Level 2.2(6.9) Axes
 + Level 8.4(8.6) Maces & Flails
 - Level 3.2 Dodging
 - Level 0.7 Stealth


You had 4 spell levels left.
You didn't know any spells.
Your spell library was empty.

Inventory:

Hand Weapons
 a - a +0 whip (weapon)
 e - the +6 shillelagh "Devastator" {shatter}
 g - a +0 hand axe
   (You found it on level 1 of the Dungeon)
 l - a +0 hunting sling
   (You took it off a goblin on level 2 of the Dungeon)
Missiles
 k - 15 sling bullets
Armour
 b - a +1 robe
 c - a +1 hat (worn)
 h - a +0 scale mail of poison resistance (worn)
   (You found it on level 1 of the Dungeon)
Jewellery
 i - an uncursed ring of poison resistance {unknown}
   (You took it off a gnoll on level 2 of the Dungeon)
Comestibles
 d - a chunk of flesh {@w0}
 f - 5 rations

#.#...)†.# #####........
.......#.###............
.##....#.....####.......
.##..#####..#...........
...............##.......
...................#####
.......####.............
............#...........
.###########...#@.......
^# #.#.#........ .#
#.#.##....... .# ..#.#
##.#.?. ## >[...# .# ..
# #.....# . ! # .>..# #
....## #....


There were no monsters in sight!


Message History

The adder hisses angrily.
Found a scroll labeled SAIFAYTOTO.
An adder is nearby!
An adder is nearby!
An adder is nearby!
Found a stone staircase leading down.
You hit the adder. The adder bites you but does no damage.
You barely miss the adder. The adder bites you but does no damage.
You miss the adder. You headbutt the adder!
The adder bites you but does no damage.
You whack the adder!
You kill the adder!
As you finish your manual of Maces & Flails, the mysteries of the crate's mechanism unravel in your mind!
The crate's locking mechanism finally gives in...
Revealing the +6 shillelagh "Devastator" {shatter}!
No target in view!
No target in view!
No target in view!
No target in view!
No target in view!
No target in view!
No target in view!
No target in view!
You are feeling hungry.
You butcher the adder corpse.
d - 2 chunks of flesh {@w0} Eating one of 2 chunks of flesh {@w0}.
You eat one of the 2 chunks of flesh {@w0}.
Found a bubbling emerald potion.
Wield which item (- for none, * to show all)? (? for menu, Esc to quit)
Okay, then.

Action                   |  1- 3 |  4- 6 || total
-------------------------+-------+-------++-------
Melee: Hand axe          |    53 |       ||    53
       Whip              |    49 |    76 ||   125
       Headbutt          |    14 |    11 ||    25
 Fire: Hunting sling     |     2 |       ||     2
  Eat: Chunk             |     1 |     4 ||     5
Armor: Robe              |     9 |       ||     9
       Scale mail        |    31 |    24 ||    55
Dodge: Dodged            |    52 |    32 ||    84

Vault maps used:
D:1:      onia_arrival_pyramid
D:2:      hangedman_decor_push, uniq_sigmund

Notes
Turn   | Place    | Note
-------+----------+-------------------------------------------
     0 | D:1      | araganzar the Minotaur Archaeologist began the quest for the Orb.
     0 | D:1      | Reached XP level 1. HP: 19/19 MP: 0/0
   252 | D:1      | Reached skill level 4 in Fighting
   252 | D:1      | Reached skill level 1 in Axes
   303 | D:1      | Reached XP level 2. HP: 25/27 MP: 1/1
   869 | D:2      | Reached skill level 2 in Axes
   869 | D:2      | Reached XP level 3. HP: 21/34 MP: 2/2
   944 | D:2      | Reached skill level 1 in Maces & Flails
  1050 | D:2      | Reached skill level 2 in Maces & Flails
  1187 | D:2      | Reached skill level 3 in Maces & Flails
  1297 | D:2      | Noticed Sigmund
  1550 | D:2      | Reached skill level 4 in Maces & Flails
  1550 | D:2      | Reached XP level 4. HP: 41/41 MP: 2/3
  1720 | D:3      | Noticed plsesad's ghost (amateur DsAc)
  1865 | D:3      | Killed plsesad's ghost
  1865 | D:3      | Reached skill level 6 in Maces & Flails
  1865 | D:3      | Reached XP level 5. HP: 30/47 MP: 4/4
  1899 | D:3      | Reached skill level 7 in Maces & Flails
  2000 | D:3      | Reached skill level 8 in Maces & Flails
  2301 | D:3      | Quit the game

Vanquished Creatures
  The ghost of plsesad the Covered, an amateur DsAc (D:3)
  A scorpion (D:3)
  5 adders
  A gnoll (D:2)
  3 worms (D:2)
  3 leopard geckos (D:2)
  4 orcs (D:3)
  5 giant cockroaches
  4 goblins
  4 hobgoblins
  4 kobolds
  7 bats
  4 frilled lizards
  3 rats
49 creatures vanquished.
